 Dungeon Crawl Stone Soup version 0.25-a0-443-gece2dee (webtiles) character file.

Game seed: 8284312556506629807, levelgen mode: deterministic

210601 Anathematize the Brawler (level 18, 0/143 HPs)
             Began as a Demonspawn Gladiator on Jan 29, 2020.
             Was the Champion of Makhleb.
             Hit by a silver javelin thrown by a merfolk javelineer (10 damage)
             ... on level 4 of the Shoals on Jan 30, 2020.
             The game lasted 02:37:34 (34160 turns).

Anathematize the Brawler (Demonspawn Gladiator)    Turns: 34160, Time: 02:37:35

Health: 0/143      AC: 25    Str: 21    XL:     18   Next: 19%
Magic:  29/29      EV:  8    Int: 11    God:    Makhleb [******]
Gold:   2907       SH: 15    Dex: 15    Spells: 9/17 levels left

rFire    . . .     SeeInvis .     - Unarmed
rCold    + . .     Gourm    .   t - +1 shield {rC+}
rNeg     . . .     Faith    .   z - +8 plate armour "Lyurea" {*Slow rElec Int-5 Slay+5}
rPois    +         Spirit   .   (helmet unavailable)
rElec    +         Reflect  .   Q - +0 cloak {rPois}
rCorr    .         Harm     .   (gloves unavailable)
MR       +....                  (no boots)
Stlth    ..........             V - amulet of regeneration
HPRegen  0.73/turn              N - +5 ring of strength
MPRegen  0.21/turn              x - +4 ring of protection

@: about to teleport
A: claws 3, hooves 2, horns 3, demonic guardian 2, nightstalker 1
}: 1/15 runes: serpentine
a: Minor Destruction, Lesser Servant of Makhleb, Major Destruction, Greater
Servant of Makhleb, Renounce Religion


You were on level 4 of the Shoals.
You worshipped Makhleb.
Makhleb was exalted by your worship.
You were not hungry.

You visited 6 branches of the dungeon, and saw 30 of its levels.
You also visited: Sewer, Gauntlet, Ice Cave and Volcano.

You collected 3649 gold pieces.
You spent 742 gold pieces at shops.

Inventory:

Hand Weapons
 a - a +6 war axe of venom
 U - a +1 quick blade of flaming
Missiles
 d - 4 throwing nets
 i - 147 poisoned darts (quivered)
 Z - 2 boomerangs of dispersal
Armour
 t - a +1 shield of cold resistance (worn)
 z - the +8 plate armour "Lyurea" (worn) {*Slow rElec Int-5 Slay+5}
   (You found it on level 6 of the Dungeon)

   It affects your intelligence (-5).
   It affects your accuracy and damage with ranged weapons and melee attacks
   (+5).
   It insulates you from electricity.
   It may slow you when you take damage.
   If you remove this armour, your AC will fall 20 points (25 -> 5)
 O - +0 ice dragon scales
 Q - a +0 cloak of poison resistance (worn)
Jewellery
 c - an uncursed ring of protection from cold
 e - an uncursed ring of poison resistance
 u - an uncursed ring of fire
 x - a +4 ring of protection (right claw)
 B - an uncursed ring of flight
 H - an uncursed ring of resist corrosion
 J - an uncursed ring of fire
 N - a +5 ring of strength (left claw)
 V - an amulet of regeneration (around neck)
 Y - an uncursed ring of wizardry
Wands
 h - a wand of polymorph (10)
 m - a wand of flame (103)
 p - a wand of digging (21)
 I - a wand of acid (42)
Scrolls
 j - a scroll of acquirement
 o - 9 scrolls of remove curse
 r - 3 scrolls of amnesia
 y - 2 scrolls of immolation
 C - 3 scrolls of vulnerability
 G - 5 scrolls of teleportation
 K - 4 scrolls of identify
 L - 2 scrolls of magic mapping
 M - 4 scrolls of blinking
 P - 2 scrolls of noise
 R - a scroll of fog
 W - 4 scrolls of enchant weapon
 X - 5 scrolls of enchant armour
Potions
 b - 4 potions of might
 g - 2 potions of lignification
 k - 3 potions of resistance
 l - 8 potions of curing
 n - 4 potions of flight
 q - a potion of haste
 s - 6 potions of magic
 A - a potion of brilliance
 D - 3 potions of agility
 E - a potion of invisibility
 S - 5 potions of heal wounds
 T - 3 potions of mutation
Miscellaneous
 v - a phantom mirror
Comestibles
 f - 45 rations
 w - 4 chunks of flesh


   Skills:
 + Level 13.3 Fighting
 - Level 3.5 Axes
 - Level 6.0 Throwing
 - Level 5.0 Armour
 - Level 5.0 Dodging
 - Level 5.0 Stealth
 - Level 15.0 Shields
 * Level 16.5 Unarmed Combat
 + Level 0.5 Hexes
 + Level 15.7 Invocations


You had 9 spell levels left.
You knew the following spells:

 Your Spells              Type           Power        Failure   Level  Hunger
i - Silence               Hex/Air        #.........   100%        5    ######.
t - Confusing Touch       Hex            #.......     100%        3    ####...

Your spell library contained the following spells:

 Spells                   Type           Power        Failure   Level  Hunger
 Sandblast                Erth           #.....       100%        1    ##.....
 Summon Butterflies       Summ           #.......     100%        1    ##.....
 Summon Small Mammal      Summ           #...         100%        1    ##.....
 Call Imp                 Summ           #.......     100%        2    ###....
 Corpse Rot               Necr/Air       N/A          100%        2    ###....
 Passwall                 Tmut/Erth      #.......     100%        2    ###....
 Poisonous Vapours        Pois/Air       #.....       100%        2    ###....
 Sublimation of Blood     Necr           #.........   100%        2    ###....
 Call Canine Familiar     Summ           #.......     100%        3    ####...
 Conjure Flame            Conj/Fire      #.......     100%        3    ####...
 Gell's Gravitas          Tloc           #.........   100%        3    ####...
 Mephitic Cloud           Conj/Pois/Air  #.......     100%        3    ####...
 Stone Arrow              Conj/Erth      #.....       100%        3    ####...
 Summon Guardian Golem    Hex/Summ       #.......     100%        3    ####...
 Cause Fear               Hex            #.........   100%        4    #####..
 Dispel Undead            Necr           #.......     100%        4    #####..
 Ice Form                 Ice/Tmut       #.......     100%        4    #####..
 Leda's Liquefaction      Hex/Erth       #.........   100%        4    #####..
 Petrify                  Tmut/Erth      #.......     100%        4    #####..
 Summon Ice Beast         Ice/Summ       #.......     100%        4    #####..
 Summon Lightning Spire   Summ/Air       #.......     100%        4    #####..
 Agony                    Necr           #.......     100%        5    ######.
 Excruciating Wounds      Chrm/Necr      #.........   100%        5    ######.
 Metabolic Englaciation   Hex/Ice        #.........   100%        5    ######.
 Summon Mana Viper        Hex/Summ       #.......     100%        5    ######.
 Yara's Violent Unravell  Hex/Tmut       #.........   100%        5    ######.
 Deflect Missiles         Chrm/Air       #.........   100%        6    #######
 Freezing Cloud           Conj/Ice/Air   #.........   100%        6    #######
 Ozocubu's Refrigeration  Ice            #.........   100%        6    #######
 Simulacrum               Ice/Necr       #.........   100%        6    #######
 Statue Form              Tmut/Erth      #........    100%        6    #######
 Ring of Flames           Chrm/Fire      #.........   100%        7    #######
 Summon Hydra             Summ           #.........   100%        7    #######
 Discord                  Hex            #.........   100%        8    #######


Dungeon Overview and Level Annotations

Branches:
Dungeon (13/15)            Temple (1/1) D:4            Lair (6/6) D:8
 Shoals (4/4) Lair:3        Snake (4/4) Lair:2        Slime (0/5) Lair:6
    Orc (2/2) D:10            Elf (0/3) Orc:2         Sewer (visited)
  IceCv (visited)         Volcano (visited)         Gauntlet (visited)
 Vaults: D:13-14

Altars:
Dithmenos
Gozag
Hepliaklqana
Kikubaaqudgha
Makhleb
Okawaru
Qazlal
Sif Muna
Trog
Wu Jian
The Shining One
Beogh

Shops:
D:4 [   D:12 (   Orc:1 (   Orc:2 *(?}   Shoals:2 %   Shoals:3 [   Snake:1 (

Annotations:
D:5 Dowan
D:7 exclusion: downstairs
D:9 exclusion: downstairs
D:13 Rupert
Lair:3 exclusion: oklob plant
Lair:6 exclusion: upstairs
Shoals:1 3 runed translucent doors, exclusions: 3 doors and downstairs, Ezecity's ghost, adept MiBe; Katicw's ghost, adept DsWz; Tuxynn's ghost, adept OgAK; jamsgry's ghost, adept TrFi


Innate Abilities, Weirdness & Mutations

You have claws for hands.
You have hoof-like feet.
You have a pair of large horns on your head.
A demonic guardian rushes to your aid.
You are slightly more attuned to the shadows.


Message History

You fall into the shallow water.
Moving in this stuff is going to be slow.
The merfolk aquamancer shouts!
The merfolk aquamancer gestures wildly while chanting.
The merfolk aquamancer blinks!
The merfolk javelineer throws a silver javelin.
The silver javelin pierces through you!!
The silver sears you!
* * * LOW HITPOINT WARNING * * *
The merfolk javelineer throws a silver javelin.
The silver javelin pierces through you.
* * * LOW HITPOINT WARNING * * *
The silver sears you!
* * * LOW HITPOINT WARNING * * *
The merfolk javelineer throws a silver javelin.
The silver javelin completely misses your soul eater.
The silver javelin pierces through you!!
* * * LOW HITPOINT WARNING * * *
The silver sears you!
You die...

≈≈≈≈≈≈≈§≈≈≈≈≈≈#...≈≈#≈≈≈≈≈≈≈≈
≈≈≈≈≈≈≈≈≈≈≈≈≈≈'..)≈≈#≈≈≈≈≈≈≈≈
≈≈≈≈≈≈≈≈≈≈≈≈≈m#.≈≈≈≈#≈≈≈≈≈≈≈.
≈≈≈≈≈≈≈≈≈≈≈≈≈3##≈≈≈## ≈≈≈≈≈≈(
≈≈≈≈≈≈≈≈≈≈≈≈≈≈≈#####≈≈≈≈≈≈≈..
≈≈≈≈≈≈≈≈≈≈≈≈≈≈≈≈≈≈≈≈≈≈≈≈≈≈≈≈.
≈≈≈≈≈≈≈≈≈≈≈≈≈≈≈≈≈≈≈≈≈≈≈≈≈≈≈≈.
≈≈≈≈≈≈≈≈≈≈≈..≈≈≈≈≈≈≈≈≈≈≈≈≈≈≈≈
≈≈≈#####≈≈.(@)(≈≈≈≈≈≈≈≈≈≈≈≈≈≈
≈≈# ##≈.....≈≈≈≈≈≈≈≈≈≈≈≈≈≈ )≈
#≈.....≈≈≈≈≈≈≈≈≈≈≈≈≈≈ #
#≈≈≈..≈≈≈≈≈≈≈≈≈≈≈≈≈≈≈ #..
#≈≈≈..≈≈≈≈≈≈≈≈ ≈≈≈≈≈≈ #..
##≈≈≈≈.≈≈≈≈≈≈≈≈ ≈≈≈≈≈
..##'##()≈≈≈..≈≈≈≈≈≈≈ ≈≈≈≈
.....m..[.......≈≈≈≈≈ ≈≈≈≈
......(.)(.##.)≈≈≈≈≈≈ ≈≈≈≈


You could see a merfolk javelineer and a friendly soul eater.

Vanquished Creatures
  Jorgrun (Snake:3)
  Asterion (Snake:1)
  Roxanne (Shoals:1)
  Ilsuiw (Shoals:3)
  6 nagarajas (Snake:4)
  A dire elephant (Lair:6)
  A minotaur (Gauntlet)
  A red draconian (Volcano)
  5 merfolk impalers
  8 merfolk javelineers
  An ice dragon (Lair:6)
  8 naga warriors
  An ogre mage (Volcano)
  Erica (D:8)
  9 anacondas
  3 hydras
  A merfolk avatar (Shoals:4)
  A catoblepas (Lair:6)
  2 alligator snapping turtles (Shoals:4)
  A satyr (Shoals:4)
  5 merfolk aquamancers
  5 two-headed ogres
  9 naga sharpshooters
  A hell hog (Gauntlet)
  An orc high priest (Orc:2)
  9 shock serpents
  A salamander mystic (Snake:4)
  15 sea snakes
  3 naga ritualists
  2 lindwurms (Lair:6)
  10 harpies
  3 ugly things
  2 necromancers (Gauntlet)
  5 mana vipers
  An oklob plant (Shoals:1)
  2 orc knights
  9 fauns
  3 cyclopes (Shoals:2)
  2 orc sorcerers
  13 manticores
  4 salamanders
  3 elephants (Lair:5)
  6 merfolk sirens
  5 guardian serpents
  11 naga magi
  24 black mambas
  5 water nymphs
  2 ice statues (IceCv)
  9 spiny frogs
  A centaur skeleton (D:12)
  6 torpor snails
  A gargoyle (D:11)
  3 rime drakes
  2 kobold demonologists (D:9)
  2 ice devils (IceCv)
  An efreet (D:12)
  7 komodo dragons
  4 trolls
  4 tyrant leeches (Lair:6)
  A polar bear (Lair:6)
  3 meliai
  26 merfolk
  3 slime creatures
  14 hippogriffs
  5 hornets (Lair:6)
  5 wind drakes
  15 dream sheep
  7 blink frogs
  6 snapping turtles
  A shadow (D:11)
  A spriggan (D:9)
  11 water elementals
  28 yaks
  4 wyverns
  A spriggan (shapeshifter) (D:11)
  2 vampires (D:12)
  4 basilisks
  3 fire bats (Gauntlet)
  3 wraiths (Snake:1)
  A hungry ghost (D:12)
  Edmund (D:6)
  47 nagas
  10 water moccasins
  2 wargs (Orc:2)
  A hell hound (Gauntlet)
  5 porcupines
  4 ice beasts
  5 sky beasts
  A black bear (D:10)
  5 necrophages (Lair:5)
  20 orc warriors
  2 phantoms (D:11)
  13 wolves
  3 centaurs
  8 crocodiles
  9 ogres
  4 big kobolds
  18 bullfrogs
  3 scorpions
  3 killer bees (D:7)
  4 electric eels (D:10)
  2 bullfrog zombies
  6 crimson imps
  A quasit (Sewer)
  A centaur zombie (D:10)
  4 hounds
  A bullfrog skeleton (D:13)
  18 orc priests
  4 jellies
  24 orc wizards
  Natasha (thrice) (D:4)
  2 iguanas
  Ijyb (D:3)
  4 worker ants
  A big kobold zombie (Sewer)
  2 hound zombies
  3 worker ant zombies
  19 adders
  6 shadow imps
  12 white imps (IceCv)
  8 ufetubi
  4 oozes
  An adder zombie (D:5)
  2 adder skeletons
  6 worms
  4 dart slugs
  9 leopard geckos
  92 orcs
  12 bats
  6 giant cockroaches
  2 goblins (D:2)
  8 hobgoblins
  12 jackals
  27 kobolds
  3 quokkas
  4 ball pythons
  2 frilled lizards
  3 kobold zombies (Sewer)
  3 rats
  3 plants
892 creatures vanquished.

Vanquished Creatures (collateral kills)
  Saint Roka (Snake:3)
  Donald (Snake:1)
  A nagaraja (Snake:3)
  An orc warlord (Orc:2)
  A merfolk impaler (Shoals:4)
  Josephine (Snake:1)
  7 hydras
  A naga warrior (Snake:3)
  A merfolk avatar (Shoals:1)
  A catoblepas (Lair:6)
  3 two-headed ogres
  A merfolk aquamancer (Shoals:4)
  2 shock serpents
  7 sea snakes
  A harpy (Shoals:2)
  3 orc sorcerers (Orc:2)
  2 deep elf magi (D:12)
  3 slime creatures
  A cyclops (D:11)
  2 manticores
  A salamander (Snake:1)
  2 guardian serpents (Snake:4)
  4 black mambas
  2 merfolk sirens (Shoals:3)
  A spiny frog (Lair:6)
  A rime drake (Lair:6)
  An ice devil (IceCv)
  A meliai (D:13)
  A merfolk (Shoals:4)
  A wind drake (Shoals:3)
  A hornet (Lair:6)
  4 dream sheep
  Grinder (Sewer)
  2 blink frogs
  2 hippogriffs
  A fire bat (Gauntlet)
  A wraith (Snake:1)
  23 yaks
  A water elemental (Shoals:4)
  Grum (D:8)
  6 nagas
  A water moccasin (D:6)
  Duvessa (D:5)
  10 orc warriors
  2 ogres
  2 crocodiles
  2 big kobolds
  A howler monkey (D:4)
  3 jellies
  A hound (D:10)
  9 orc priests
  15 orc wizards
  An adder (D:4)
  11 orcs
  A jackal (D:2)
  3 kobolds
162 creatures vanquished.

Vanquished Creatures (others)
  A reaper (IceCv)
  A merfolk avatar (Shoals:3)
  A merfolk aquamancer (Shoals:4)
  A merfolk (Shoals:4)
  2 dream sheep (Lair:6)
  A snapping turtle (Shoals:3)
  A naga (Snake:2)
  4 ufetubi (IceCv)
  An ooze (Sewer)
  An orc (Orc:2)
  A kobold zombie (Sewer)
  15 fungi
  17 plants
  8 toadstools (D:8)
  2 withered plants (Shoals:1)
57 creatures vanquished.

Grand Total: 1111 creatures vanquished

Notes
Turn   | Place    | Note
-------+----------+-------------------------------------------
     0 | D:1      | Anathematize the Demonspawn Gladiator began the quest for
                  | the Orb.
     0 | D:1      | Reached XP level 1. HP: 16/16 MP: 1/1
   277 | D:1      | Gained mutation: You are slightly more attuned to the
                  | shadows. [demonic ancestry]
   277 | D:1      | Reached XP level 2. HP: 18/22 MP: 2/2
  1395 | D:1      | Gained mutation: A weak demonic guardian rushes to your
                  | aid. [demonic ancestry]
  1395 | D:1      | Reached XP level 3. HP: 20/28 MP: 3/3
  1929 | D:2      | Reached skill level 1 in Shields
  1929 | D:2      | Gained mutation: You have sharp fingernails. [demonic
                  | ancestry]
  1929 | D:2      | Reached XP level 4. HP: 31/34 MP: 4/4
  2256 | D:2      | You fall into a shaft and drop 1 floor!
  2336 | D:3      | Reached skill level 1 in Unarmed Combat
  2518 | D:2      | Reached XP level 5. HP: 19/41 MP: 5/5
  2820 | D:3      | Noticed Ijyb
  2828 | D:3      | Killed Ijyb
  3061 | D:3      | Reached skill level 2 in Unarmed Combat
  3069 | D:3      | Reached XP level 6. HP: 47/47 MP: 6/6
  3194 | D:3      | Found a faded altar of an unknown god.
  3505 | D:4      | Found a glowing drain.
  3523 | Sewer    | Entered a sewer
  3886 | Sewer    | Reached skill level 3 in Unarmed Combat
  3962 | Sewer    | Gained mutation: You have very sharp fingernails. [demonic
                  | ancestry]
  3962 | Sewer    | Reached XP level 7. HP: 53/53 MP: 7/7
  3991 | Sewer    | Noticed Grinder
  4012 | Sewer    | Paralysed by Grinder for 6 turns
  4032 | Sewer    | Killed Grinder
  4160 | Sewer    | Found a burning altar of Makhleb.
  4214 | Sewer    | Became a worshipper of Makhleb the Destroyer
  4361 | D:4      | Found a staircase to the Ecumenical Temple.
  4374 | D:4      | Reached skill level 4 in Unarmed Combat
  4384 | Temple   | Entered the Ecumenical Temple
  4416 | D:4      | Found Merphic's Armour Shoppe.
  4455 | D:4      | Noticed Natasha
  4463 | D:4      | Killed Natasha
  4514 | D:4      | Noticed Natasha
  4533 | D:4      | Killed Natasha
  4886 | D:4      | Noticed Natasha
  4891 | D:4      | Killed Natasha
  5089 | D:5      | Entered Level 5 of the Dungeon
  5303 | D:5      | Reached XP level 8. HP: 61/61 MP: 8/8
  5377 | D:5      | Reached * piety under Makhleb
  5765 | D:5      | Noticed Duvessa
  5794 | D:5      | Killed Duvessa
  5794 | D:5      | Reached skill level 5 in Unarmed Combat
  5809 | D:5      | Noticed Dowan
  5972 | D:6      | Noticed Edmund
  5979 | D:6      | Killed Edmund
  6127 | D:6      | Reached skill level 5 in Fighting
  6330 | D:6      | Got a shimmering plate armour
  6538 | D:6      | Reached skill level 1 in Invocations
  7246 | D:6      | Reached skill level 6 in Unarmed Combat
  7589 | D:7      | Noticed a hippogriff
  7602 | D:7      | Killed a hippogriff
  7602 | D:7      | Reached skill level 5 in Throwing
  7602 | D:7      | Gained mutation: You have claws for hands. [demonic
                  | ancestry]
  7602 | D:7      | Reached XP level 9. HP: 53/68 MP: 9/11
  8086 | D:7      | Reached ** piety under Makhleb
  8783 | D:8      | Noticed Grum
  9111 | D:8      | Noticed Erica
  9158 | D:7      | Reached skill level 7 in Unarmed Combat
  9429 | D:8      | Killed Grum
  9656 | D:8      | Killed Erica
  9656 | D:8      | Reached skill level 5 in Invocations
  9860 | D:8      | Reached skill level 8 in Unarmed Combat
  9860 | D:8      | Gained mutation: A demonic guardian rushes to your aid.
                  | [demonic ancestry]
  9860 | D:8      | Reached XP level 10. HP: 77/77 MP: 14/14
  9937 | D:8      | Found a staircase to the Lair.
 10272 | D:8      | Reached skill level 1 in Armour
 10272 | D:8      | Reached skill level 1 in Stealth
 10434 | D:8      | Found a shimmering blue altar of Sif Muna.
 11013 | D:9      | Noticed a sixfirhy
 11322 | D:9      | Reached *** piety under Makhleb
 11870 | D:10     | Entered Level 10 of the Dungeon
 12077 | D:10     | Reached skill level 9 in Unarmed Combat
 12360 | D:10     | Noticed an orc knight
 12963 | D:10     | Reached **** piety under Makhleb
 13260 | D:10     | Found a burning altar of Makhleb.
 13336 | D:10     | Gained mutation: You have large cloven feet. [demonic
                  | ancestry]
 13336 | D:10     | Reached XP level 11. HP: 85/85 MP: 16/16
 13770 | D:11     | Noticed a two-headed ogre
 13786 | D:11     | Killed a two-headed ogre
 14155 | D:11     | Reached ***** piety under Makhleb
 14384 | D:12     | Found Potirusi's Weapon Boutique.
 14384 | D:12     | Noticed a deep elf mage
 14408 | D:11     | Reached skill level 10 in Unarmed Combat
 14674 | D:12     | Noticed a deep elf mage
 14676 | D:12     | Killed a deep elf mage
 14736 | D:12     | Noticed a two-headed ogre
 14744 | D:12     | Noticed a four-headed hydra
 14746 | D:12     | Killed a two-headed ogre
 14754 | D:12     | Killed a four-headed hydra
 14764 | D:12     | Reached skill level 5 in Stealth
 14795 | D:12     | Learned a level 5 spell: Silence
 14912 | D:12     | Killed a deep elf mage
 15252 | Lair:1   | Entered Level 1 of the Lair of Beasts
 15360 | Lair:1   | Reached XP level 12. HP: 94/94 MP: 18/18
 15369 | Lair:1   | Identified the +8 plate armour "Lyurea" {*Slow rElec Int-5
                  | Slay+5} (You found it on level 6 of the Dungeon)
 15580 | Lair:1   | Reached skill level 5 in Armour
 16152 | Lair:2   | Noticed a seven-headed hydra
 16164 | Lair:2   | Killed a seven-headed hydra
 16184 | Lair:2   | Reached skill level 11 in Unarmed Combat
 16258 | Lair:2   | Found a staircase to the Snake Pit.
 16623 | Lair:2   | Noticed a four-headed hydra
 16633 | Lair:2   | Killed a four-headed hydra
 17206 | Lair:3   | Noticed a four-headed hydra
 17215 | Lair:3   | Killed a four-headed hydra
 17215 | Lair:3   | Reached skill level 10 in Invocations
 17405 | Lair:3   | Found a frozen archway.
 17413 | IceCv    | Entered an ice cave
 17550 | IceCv    | Reached skill level 5 in Shields
 17654 | IceCv    | Killed a reaper
 17918 | Lair:3   | Found a staircase to the Shoals.
 18452 | Lair:4   | Reached skill level 5 in Dodging
 18601 | Lair:4   | Noticed a five-headed hydra
 18607 | Lair:4   | Killed a five-headed hydra
 18617 | Lair:4   | Found a gate leading to a gauntlet.
 18624 | Gauntlet | Entered a Gauntlet
 18624 | Gauntlet | Found a transporter.
 18656 | Gauntlet | Reached skill level 12 in Unarmed Combat
 18656 | Gauntlet | Gained mutation: You have a pair of small horns on your
                  | head. [demonic ancestry]
 18656 | Gauntlet | Reached XP level 13. HP: 101/102 MP: 19/21
 18658 | Gauntlet | Found a transporter.
 18671 | Gauntlet | Got a crude brass amulet
 18677 | Gauntlet | Found a transporter.
 18691 | Gauntlet | Found a transporter.
 18691 | Gauntlet | Noticed a death ooze
 18708 | Gauntlet | Found a transporter.
 18708 | Gauntlet | Found a transporter.
 18708 | Gauntlet | Found a transporter.
 18771 | Gauntlet | Found a transporter.
 18840 | Gauntlet | Noticed a minotaur
 18848 | Gauntlet | Killed a minotaur
 19057 | Lair:4   | Reached skill level 10 in Fighting
 19787 | Lair:4   | Identified the amulet of Peace {RegenMP MP+9 Str+3} (You
                  | found it in a Gauntlet)
 20746 | Lair:6   | Entered Level 6 of the Lair of Beasts
 20937 | Lair:6   | Found a dark tunnel.
 20945 | Volcano  | Entered a volcano
 20976 | Volcano  | Reached skill level 13 in Unarmed Combat
 21017 | Volcano  | Noticed a red draconian
 21028 | Volcano  | Killed a red draconian
 21448 | Lair:6   | Reached ****** piety under Makhleb
 21456 | Lair:6   | Gained mutation: You have a pair of horns on your head.
                  | [demonic ancestry]
 21456 | Lair:6   | Reached XP level 14. HP: 111/111 MP: 23/23
 22072 | Lair:6   | Found a runed translucent door.
 22514 | Lair:6   | Found a staircase to the Slime Pits.
 22812 | D:10     | Found a staircase to the Orcish Mines.
 22878 | Orc:1    | Entered Level 1 of the Orcish Mines
 22878 | Orc:1    | Found a roughly hewn altar of Beogh.
 23217 | Orc:1    | Found Mastropt's Weapon Boutique.
 23318 | Orc:2    | Entered Level 2 of the Orcish Mines
 23503 | Orc:2    | Reached skill level 14 in Unarmed Combat
 23566 | Orc:2    | Found a roughly hewn altar of Beogh.
 23583 | Orc:2    | Found a staircase to the Elven Halls.
 23705 | Orc:2    | Noticed an orc warlord
 23736 | Orc:2    | Killed an orc warlord
 23914 | Orc:2    | Found Joffer's Magic Scroll Boutique.
 23914 | Orc:2    | Found Weteun's Assorted Antiques.
 23917 | Orc:2    | Found Ybienkel's Antique Weapon Shop.
 23919 | Orc:2    | Found Zeupumom's Gadget Boutique.
 23925 | Orc:2    | Bought a scroll of identify for 64 gold pieces
 23941 | Orc:2    | Gained mutation: You have hoof-like feet. [demonic
                  | ancestry]
 23941 | Orc:2    | Reached XP level 15. HP: 119/119 MP: 24/24
 23943 | Orc:2    | Bought a potion of might for 128 gold pieces
 23966 | Orc:2    | Bought a scroll of identify for 26 gold pieces
 23966 | Orc:2    | Bought a scroll of identify for 26 gold pieces
 23966 | Orc:2    | Bought a scroll of magic mapping for 45 gold pieces
 23966 | Orc:2    | Bought a scroll of identify for 26 gold pieces
 23966 | Orc:2    | Bought a scroll of enchant armour for 97 gold pieces
 23966 | Orc:2    | Bought a scroll of enchant armour for 97 gold pieces
 23966 | Orc:2    | Bought a scroll of enchant armour for 97 gold pieces
 23966 | Orc:2    | Bought a scroll of holy word for 97 gold pieces
 23966 | Orc:2    | Bought a scroll of remove curse for 39 gold pieces
 23981 | Orc:2    | Identified a scroll of acquirement
 24935 | D:13     | Noticed Rupert
 25092 | Snake:1  | Entered Level 1 of the Snake Pit
 25104 | Snake:1  | Reached skill level 10 in Shields
 25193 | Snake:1  | Found Mieduxoe's Antique Weapon Emporium.
 25216 | Snake:1  | Noticed Josephine
 25225 | Snake:1  | Killed Josephine
 25410 | Snake:1  | Noticed Donald
 25423 | Snake:1  | Killed Donald
 25726 | Snake:1  | Noticed Asterion
 25737 | Snake:1  | Killed Asterion
 26109 | Snake:1  | Gained mutation: You have a pair of large horns on your
                  | head. [demonic ancestry]
 26109 | Snake:1  | Reached XP level 16. HP: 127/127 MP: 26/26
 26877 | Snake:2  | Learned a level 3 spell: Confusing Touch
 27084 | Snake:3  | Noticed Saint Roka
 27110 | Snake:3  | Killed Saint Roka
 27363 | Snake:3  | Reached skill level 15 in Unarmed Combat
 27617 | Snake:3  | Noticed Jorgrun
 27627 | Snake:3  | Killed Jorgrun
 28021 | Snake:4  | Entered Level 4 of the Snake Pit
 29313 | Snake:4  | Reached XP level 17. HP: 99/135 MP: 28/28
 29315 | Snake:4  | Reached skill level 15 in Invocations
 29745 | Snake:4  | Reached skill level 16 in Unarmed Combat
 30030 | Snake:4  | Got a serpentine rune of Zot
 30222 | Shoals:1 | Entered Level 1 of the Shoals
 30293 | Shoals:1 | Identified Roxanne's Catalogue of the Mountains
 30293 | Shoals:1 | Noticed Roxanne
 30320 | Shoals:1 | Killed Roxanne
 30519 | Shoals:1 | Found a runed translucent gate.
 30519 | Shoals:1 | Found a runed translucent gate.
 30519 | Shoals:1 | Found a runed translucent gate.
 30538 | Shoals:1 | Noticed jamsgry's ghost (adept TrFi)
 30540 | Shoals:1 | Noticed Katicw's ghost (adept DsWz)
 30547 | Shoals:1 | Noticed Tuxynn's ghost (adept OgAK)
 30548 | Shoals:1 | Noticed Ezecity's ghost (adept MiBe)
 30798 | Shoals:1 | Found a hazy altar of Hepliaklqana.
 31652 | Shoals:2 | Found Qetog's Food Shop.
 31892 | Shoals:3 | Found Camnir's Armour Boutique.
 32236 | Shoals:3 | Noticed Ilsuiw
 32262 | Shoals:3 | Killed Ilsuiw
 32560 | Shoals:4 | Entered Level 4 of the Shoals
 33570 | Shoals:4 | Reached XP level 18. HP: 98/143 MP: 29/29
 33929 | Shoals:4 | Reached skill level 15 in Shields
 34160 | Shoals:4 | Hit by a silver javelin thrown by a merfolk javelineer

Levels and vault maps discovered:
D:1:      co_arrival_square_in_a_square_in_a_square, layout_basic, hex_medium,
          hangedman_abyss_or_decor_stabs, minmay_misc_feat_doors
D:2:      layout_basic, ebering_dispersal_statue_hall
D:3:      layout_rooms, first_ration, chequers_ecumenical_altar_twisty,
          uniq_ijyb
D:4:      layout_basic, minmay_temple_entry_grid, serial_shops, shop,
          portal_sewer_entry_f, uniq_natasha
D:5:      layout_layer_cave, minmay_diced_spiral, uniq_duvessa
D:6:      layout_basic, uniq_edmund
D:7:      layout_basic
D:8:      cheibrodos_fertilizer, layout_basic, lemuel_blue_sif_altar,
          uniq_erica, uniq_grum
D:9:      layout_stronghold, grunt_pizzeria
D:10:     layout_irregular_city, erik_orc_2, basic_altar, corexii_checkpoint_a,
          minivault_4
D:11:     layout_cave_pools
D:12:     minmay_bloctagon_deflated, layout_cave_pools, serial_shops, shop,
          grunt_ministairs_3
D:13:     layout_roguey [special_room_orc], david_vaults_3,
          nicolae_underground_beach
Temple:   compressed_dpeg_triangle_lava_temple
Lair:1:   layout_cave_pods, lemuel_fruit_tree
Lair:2:   layout_roguey, minmay_snake_entry_six_corridors,
          grunt_forest_stairs_basic
Lair:3:   layout_cave_pods, minmay_shoals_entry_lonely_mermaid,
          portal_ice_cave_entry_pillars_1, grunt_megastairs_1,
          minmay_lair_oklob_chamber
Lair:4:   layout_layer_cave, gauntlet_entry_generic, uniq_rupert
Lair:5:   layout_concentric_octagons, roderic_carrion_pond
Lair:6:   hangedman_lair_in_review, layout_hall_layers, wormcave,
          dpeg_slime_entry_corner, enter_volcano_2, minmay_lindwurm_lava
Shoals:1: layout_shoals, gammafunk_ghost_cemetery,
          nicolae_shoals_square_sea_wall, lemuel_oklob_altar, uniq_roxanne
Shoals:2: layout_shoals, serial_shops, nicolae_shop_window_shopping
Shoals:3: layout_shoals, serial_shops, nicolae_shop_trees, uniq_ilsuiw
Shoals:4: shoals_end_simple, layout_shoals
Snake:1:  layout_layer_cave, minmay_shop_star, uniq_josephine, uniq_asterion,
          uniq_donald
Snake:2:  layout_basic
Snake:3:  layout_grid_shapes, uniq_jorgrun, uniq_saint_roka
Snake:4:  grunt_snake_rune_pools, layout_layer_cave
Orc:1:    layout_caves, basic_altar, serial_shops, shop, mines_bat_river
Orc:2:    st_orc_mages, layout_diamond_mine, basic_altar

Skill      XL: |  1  2  3  4  5  6  7  8  9 10 11 12 13 14 15 16 17 18 |
---------------+-------------------------------------------------------+-----
Axes           | 3 |  3.5
Throwing       | 2 3 4 5 6 |  6.0
Shields        | 1 2 3 4 5 7 9 10 12 14 15 | 15.0
Unarmed Combat | 1 2 3 4 6 8 9 10 12 13 14 15 16 | 16.5
Fighting       | 3 4 5 6 7 8 9 10 11 12 13 | 13.3
Invocations    | 2 5 7 9 10 12 13 14 15 | 15.7
Armour         | 3 4 5 |  5.0
Stealth        | 3 5 |  5.0
Dodging        | 3 5 |  5.0
Hexes          | |  0.5

Action                   |  1- 3 |  4- 6 |  7- 9 | 10-12 | 13-15 | 16-18 || total
-------------------------+-------+-------+-------+-------+-------+-------++-------
Melee: War axe           |    79 |   140 |   163 |       |       |     1 ||   383
       Unarmed           |       |       |   101 |   626 |   672 |   900 ||  2299
       Kick              |       |       |       |   136 |   245 |   318 ||   699
       Headbutt          |       |       |       |       |   139 |   208 ||   347
Throw: Dart              |    17 |    48 |    96 |   142 |    10 |    23 ||   336
       Stone             |     5 |       |       |       |       |       ||     5
       Boomerang         |       |    25 |     7 |       |       |       ||    32
Invok: Minor Destruction |       |       |     2 |    38 |    58 |    25 ||   123
       Lesser Servant of |       |       |       |    11 |     8 |     3 ||    22
       Greater Servant o |       |       |       |       |     2 |     2 ||     4
Evoke: Wand              |       |       |       |     8 |       |       ||     8
  Use: Scroll            |       |    13 |     5 |    11 |    16 |     4 ||    49
       Potion            |       |     2 |     8 |     1 |     4 |     6 ||    21
 Stab: Sleeping          |     2 |     2 |       |     1 |       |       ||     5
       Distracted        |       |       |     1 |     3 |     5 |     7 ||    16
       Invisible         |       |       |       |       |       |     2 ||     2
  Eat: Chunk             |     3 |    15 |    24 |    26 |    21 |    19 ||   108
       Ration            |       |       |       |       |     1 |     2 ||     3
Armor: Leather armour    |    22 |       |       |       |       |       ||    22
       Ring mail         |     6 |    26 |       |       |       |       ||    32
       Skin              |       |    25 |    15 |       |       |       ||    40
       Scale mail        |       |    29 |    95 |    81 |       |       ||   205
       Troll leather arm |       |       |       |    18 |       |       ||    18
       Plate armour      |       |       |       |   137 |   322 |   432 ||   891
Dodge: Dodged            |    62 |    82 |   122 |   205 |   142 |   234 ||   847
Block: Buckler           |     8 |    44 |    50 |   124 |    11 |       ||   237
       Shield            |       |       |       |       |   374 |   552 ||   926

Table legend:
 A = Non-vault XP
 B = Vault XP
 C = Vault XP percentage of total XP
 D = Non-vault monster count
 E = Vault monster count
 F = Vault count percentage of total count
                 A         B        C        D         E       F
            +---------+---------+-------+---------+---------+-------
      Total |  156555 |  104043 |  39.9 |     685 |     369 |  35.0
            +---------+---------+-------+---------+---------+-------
        D:1 |      37 |       0 |   0.0 |      20 |       0 |   0.0
        D:2 |     154 |       0 |   0.0 |      19 |       0 |   0.0
        D:3 |     176 |      33 |  15.8 |      19 |       1 |   5.0
        D:4 |     320 |      51 |  13.7 |      16 |       7 |  30.4
        D:5 |     320 |     218 |  40.5 |      14 |       6 |  30.0
        D:6 |     564 |     140 |  19.9 |      13 |       1 |   7.1
        D:7 |    1514 |     193 |  11.3 |      25 |       2 |   7.4
        D:8 |     521 |    1879 |  78.3 |       6 |      19 |  76.0
        D:9 |    1396 |     215 |  13.3 |      28 |       1 |   3.4
       D:10 |    2523 |    1054 |  29.5 |      37 |      20 |  35.1
       D:11 |    5758 |       0 |   0.0 |      39 |       0 |   0.0
       D:12 |    4089 |    2194 |  34.9 |      28 |       6 |  17.6
       D:13 |     904 |    1097 |  54.8 |       7 |      24 |  77.4
     Lair:1 |    2515 |       0 |   0.0 |      19 |       0 |   0.0
     Lair:2 |    4899 |    1958 |  28.6 |      20 |      12 |  37.5
     Lair:3 |    2054 |     724 |  26.1 |       7 |       2 |  22.2
     Lair:4 |    5818 |       0 |   0.0 |      29 |       0 |   0.0
     Lair:5 |    4952 |     602 |  10.8 |      18 |       5 |  21.7
     Lair:6 |    9494 |   14147 |  59.8 |      33 |      35 |  51.5
   Shoals:1 |    9679 |    2387 |  19.8 |      19 |       2 |   9.5
   Shoals:2 |   20512 |       0 |   0.0 |      48 |       0 |   0.0
   Shoals:3 |    6773 |    2787 |  29.2 |      17 |       4 |  19.0
   Shoals:4 |   17144 |   16613 |  49.2 |      38 |      24 |  38.7
    Snake:1 |    9897 |    4517 |  31.3 |      21 |       7 |  25.0
    Snake:2 |    3803 |       0 |   0.0 |      10 |       0 |   0.0
    Snake:3 |   16067 |    6576 |  29.0 |      34 |      13 |  27.7
    Snake:4 |   19504 |   30611 |  61.1 |      39 |      59 |  60.2
      Orc:1 |    2327 |      17 |   0.7 |      31 |       7 |  18.4
      Orc:2 |    2841 |    2946 |  50.9 |      31 |      38 |  55.1
      Sewer |       0 |     475 | 100.0 |       0 |      31 | 100.0
      IceCv |       0 |    2055 | 100.0 |       0 |      19 | 100.0
    Volcano |       0 |    6119 | 100.0 |       0 |       7 | 100.0
   Gauntlet |       0 |    4435 | 100.0 |       0 |      17 | 100.0
            +---------+---------+-------+---------+---------+-------
